 Dungeon Crawl Stone Soup version 0.29-a0-998-g1987434951 (webtiles) character file.

Game seed: 679734889344186601

6619 Essalna the Fighter (level 10, -9/97 HPs)
             Began as a Yellow Draconian Transmuter on Aug 5, 2022.
             Was a Priest of Hepliaklqana.
             Mangled by a warg (13 damage)
             ... on level 9 of the Dungeon.
             The game lasted 00:21:29 (12232 turns).

Essalna the Fighter (Yellow Draconian Transmuter)  Turns: 12232, Time: 00:21:30

Health: -9/97      AC:  8    Str: 19    XL:     10   Next: 72%
Magic:  12/13      EV: 13    Int: 18    God:    Hepliaklqana [***...]
Gold:   477        SH:  0    Dex: 17    Spells: 8/13 levels left

rFire   x . .      SeeInvis .     - Unarmed
rCold   + + +      Faith    .   (shield currently unavailable)
rNeg    . . .      Spirit   .   (body armour unavailable)
rPois   +          Reflect  .   (helmet currently unavailable)
rElec   .          Harm     .   (cloak currently unavailable)
rCorr   .          Rampage  .   (gloves currently unavailable)
Will    .....                   (boots currently unavailable)
Stlth   ++........              (no amulet)
HPRegen 0.26/turn               b - +6 ring of strength
MPRegen 0.13/turn               u - +6 ring of dexterity

@: about to teleport, ice-form
A: freezing attack, amphibious, boosted hp, reduced essence, (spit acid), AC +7,
large, unfitting armour, (cold-blooded), (acid resistance)
a: End Transformation, Renounce Religion, Recall Ancestor, Ancestor Identity,
Transference


You were on level 9 of the Dungeon.
You worshipped Hepliaklqana.
Hepliaklqana was most pleased with you.
You were a creature of crystalline ice.
You visited 2 branches of the dungeon, and saw 11 of its levels.

You collected 477 gold pieces.

Inventory:

Missiles
 A - 2 throwing nets
Armour
 F - a +1 pair of boots
Magical Staves
 x - a staff of death
Jewellery
 b - a +6 ring of strength (left front paw)
 j - a ring of magical power
 l - a ring of resist corrosion
 o - a ring of magical power
 u - a +6 ring of dexterity (right front paw)
 B - a ring of magical power
Wands
 n - a wand of charming (9)
 w - a wand of light (11)
Scrolls
 c - 3 scrolls of teleportation
 f - a scroll of enchant armour
 h - 4 scrolls of identify
 p - 2 scrolls of poison {unknown}
 q - a scroll of magic mapping {unknown}
 r - 2 scrolls of fog {unknown}
 s - 3 scrolls of noise {unknown}
 y - a scroll of fear
 C - a scroll of torment {unknown}
 G - a scroll of brand weapon {unknown}
Potions
 a - 2 potions of lignification
 d - a potion of attraction
 e - a potion of haste {unknown}
 g - 2 potions of might {unknown}
 i - 2 potions of curing
 k - 3 potions of cancellation {unknown}
 m - a potion of degeneration {unknown}
 t - a potion of flight {unknown}
 v - a potion of heal wounds {unknown}
 z - a potion of ambrosia {unknown}
 D - a potion of brilliance {unknown}
 E - a potion of berserk rage {unknown}


   Skills:
 + Level 8.5 Fighting
 - Level 6.0 Dodging
 + Level 8.3 Unarmed Combat
 - Level 2.0 Spellcasting
 + Level 7.9 Transmutations
 + Level 7.2 Ice Magic


You had 8 spell levels left.
You knew the following spells:

 Your Spells              Type           Power      Damage    Failure   Level
a - Beastly Appendage     Tmut           60%        N/A       1%          1
b - Ice Form              Ice/Tmut       29%        N/A       8%          4

Your spell library contained the following spells:

 Spells                   Type           Power      Damage    Failure   Level
 Wereblood                Tmut           30%        N/A       1%          2
 Passwall                 Tmut/Erth      13%        N/A       5%          2
 Ensorcelled Hibernation  Hex/Ice        28%        N/A       6%          2
 Spider Form              Tmut/Pois      16%        N/A       11%         3
 Apportation              Tloc           2%         N/A       19%         1
 Necrotise                Necr           4%         1d4       19%         1
 Shock                    Conj/Air       4%         1d3       19%         1
 Summon Small Mammal      Summ           4%         N/A       19%         1
 Blade Hands              Tmut           15%        N/A       19%         5
 Blink                    Tloc           2%         N/A       26%         2
 Summon Ice Beast         Ice/Summ       14%        N/A       38%         4
 Lesser Beckoning         Tloc           1%         N/A       47%         3
 Portal Projectile        Hex/Tloc       2%         N/A       47%         3
 Swiftness                Air            1%         N/A       47%         3
 Tukima's Dance           Hex            1%         N/A       47%         3
 Airstrike                Air            0%         2d(1-17)  87%         4
 Manifold Assault         Tloc           1%         N/A       99%         5
 Summon Mana Viper        Hex/Summ       1%         N/A       99%         5
 Monstrous Menagerie      Summ           0%         N/A       100%        7


Dungeon Overview and Level Annotations

Branches:
Dungeon (10/15)            Temple (1/1) D:4            Lair (0/5) D:9
    Orc: D:9-12

Altars:
Ashenzari
Cheibriados
Dithmenos
Elyvilon
Fedhas
Gozag
Hepliaklqana
Kikubaaqudgha
Makhleb
Nemelex Xobeh
Okawaru
Ru
Sif Muna
Trog
Vehumet
Wu Jian
Xom
Yredelemnul
Zin
The Shining One

Annotations:
D:2 1 runed translucent door, Crazy Yiuf


Innate Abilities, Weirdness & Mutations

You are a creature of crystalline ice.
You have a powerful freezing melee attack.
You are amphibious.
Your maximum health is increased.
Your armour is entirely melded.
You are incapable of wielding weapons or throwing items.
Your life essence is reduced to manifest your ancestor. (-10% HP)
((You can spit globs of acid.))
((Your golden yellow scales are hard. (AC +7)))
You cannot fit into any form of body armour.
((You are cold-blooded and may be slowed by cold attacks.))
((You are resistant to acid. (rCorr)))


Message History

The orc priest mumbles some strange prayers to Beogh against you.
Beogh smites you! The orc warrior completely misses you.
You are too injured to fight recklessly!
You are too injured to fight recklessly!
You are too injured to fight recklessly!
The orc warrior barely misses Ealdgyð.
Ealdgyð points at the orc warrior and mumbles some strange words.
The stone arrow hits the orc warrior!
The orc priest calls upon Beogh to heal the orc warrior.
The orc warrior is healed somewhat.
The orc warrior hits Ealdgyð with a +0 trident!
Ealdgyð misses the orc warrior.
Something completely misses Ealdgyð.
Something closely misses Ealdgyð.
Ealdgyð points at the orc warrior and mumbles some strange words.
The puff of frost hits the orc warrior!
The orc warrior hits Ealdgyð from afar with a +0 trident.
The orc warrior hits Ealdgyð with a +0 trident!!
Ealdgyð barely misses the orc warrior.
The orc warrior hits Ealdgyð with a +0 trident!!
Ealdgyð is destroyed!
The orc warrior hits you with a +0 trident!
You are too injured to fight recklessly!
You are too injured to fight recklessly!
You punch the orc warrior! You freeze the orc warrior.
You kill the orc warrior!
The warg bites you!
You hit the warg. You freeze the warg.
The warg is lightly wounded.
The warg barely misses you.
The orc priest calls down the wrath of Beogh upon you.
Beogh smites you! The warg bites you!
* * * LOW HITPOINT WARNING * * *
As you read the scroll of teleportation, it crumbles to dust.
You feel strangely unstable. The warg bites you!
* * * LOW HITPOINT WARNING * * *
The warg bites you!
* * * LOW HITPOINT WARNING * * *
The warg bites you!
You die...

########.####....#....##...#..
#.# ##..##..#....#.... #.#
#..# #..#..###.#. #.# ##.#
#.#.. #... #.# #.# ... ##...
#.# #.# #...##....
####.#####.........
#..................
##Yh.......#...####
#ho...............
#.$.)..........###
#o)......#...#....
P......#.#..#.##.....#.#
.....o.#.##..?####...[..
..>..h...# .#.###.......
.......### .......o.....
....... ##.##.....o..


You could see 2 wargs, an orc priest and an orc.

Vanquished Creatures
  A two-headed ogre (D:10)
  A hornet (D:10)
  Prince Ribbit (D:8)
  7 yaks
  Eustachio (D:5)
  A steam dragon (D:7)
  Menkaure (D:7)
  A sky beast (D:7)
  2 orc warriors
  An ogre (D:6)
  2 centaurs
  2 kobold brigands
  3 bullfrogs
  3 gnoll sergeants
  2 scorpions
  3 wights
  5 killer bees (D:9)
  2 howler monkeys
  6 orc priests
  A hound (D:5)
  2 jellies (D:5)
  2 iguanas
  Natasha (D:2)
  4 orc wizards
  Robin (D:4)
  15 gnolls
  9 adders
  A worm (D:2)
  5 dart slugs
  22 orcs
  7 bats
  An endoplasm (D:4)
  4 giant cockroaches
  18 goblins
  11 hobgoblins
  4 quokkas
  10 ball pythons
  5 frilled lizards
  10 kobolds
  5 rats
183 creatures vanquished.

Vanquished Creatures (collateral kills)
  A troll (D:10)
  A wyvern (D:8)
  A shadow (D:7)
  3 yaks (D:8)
  A steam dragon (D:8)
  2 water moccasins
  An ice beast (D:7)
  A scorpion (D:7)
  2 necrophages (D:6)
  A bullfrog (D:9)
  A wight (D:8)
  An iguana (D:5)
  4 orc wizards
  4 gnolls
  9 orcs
  2 goblins (D:5)
  2 kobolds (D:8)
37 creatures vanquished.

Vanquished Creatures (others)
  3 battlemagi (D:9)
  7 plants (D:4)
10 creatures vanquished.

Grand Total: 230 creatures vanquished

Notes
Turn   | Place    | Note
-------+----------+-------------------------------------------
     0 | D:1      | Essalna the Draconian Transmuter began the quest for the
                  | Orb.
     0 | D:1      | Reached XP level 1. HP: 16/16 MP: 3/3
   186 | D:1      | Found a faded altar of an unknown god.
   194 | D:1      | Reached XP level 2. HP: 23/23 MP: 3/5
   978 | D:2      | Reached XP level 3. HP: 29/29 MP: 4/6
  1071 | D:2      | Noticed Natasha
  1085 | D:2      | Killed Natasha
  1381 | D:2      | Reached XP level 4. HP: 36/36 MP: 5/7
  1864 | D:2      | Found a runed translucent door.
  1865 | D:2      | Noticed Crazy Yiuf
  2596 | D:3      | Identified the +4 whip "Hydraslayer" {vorpal, rF+ Int+2
                  | Dex+3}
  2793 | D:3      | Reached XP level 5. HP: 23/42 MP: 8/8
  2798 | D:3      | Learned a level 4 spell: Ice Form
  3399 | D:4      | Found a staircase to the Ecumenical Temple.
  3408 | Temple   | Entered the Ecumenical Temple
  3456 | Temple   | Became a worshipper of Hepliaklqana the Forgotten
  3481 | D:3      | Reached skill level 1 in Ice Magic
  3580 | D:4      | Reached XP level 6. HP: 48/51 MP: 9/9
  3631 | D:4      | Found an opulent altar of Gozag.
  3772 | D:5      | Entered Level 5 of the Dungeon
  4320 | D:4      | Found a shimmering altar of Xom.
  4409 | D:4      | Noticed Robin
  4575 | D:4      | Killed Robin
  5457 | D:5      | Reached * piety under Hepliaklqana
  5568 | D:5      | Found an iron altar of Okawaru.
  5579 | D:5      | Your scales start taking on a golden yellow colour.
  5579 | D:5      | Reached XP level 7. HP: 43/52 MP: 10/10
  5579 | D:5      | Gained mutation: You are resistant to acid. (rCorr) [Yellow
                  | Draconian growth]
  5661 | D:5      | Noticed Eustachio
  5724 | D:5      | Killed Eustachio
  6080 | D:5      | Reached skill level 5 in Unarmed Combat
  6410 | D:5      | Found a sacrificial altar of Ru.
  6631 | D:6      | Reached XP level 8. HP: 36/60 MP: 9/11
  6899 | D:6      | Reached ** piety under Hepliaklqana
  6900 | D:6      | Remembered your ancestor Ealdgyð as a battlemage
  6921 | D:6      | Reached skill level 5 in Fighting
  7084 | D:6      | Reached skill level 5 in Transmutations
  7515 | D:7      | Reached skill level 5 in Dodging
  7911 | D:7      | Reached XP level 9. HP: 67/67 MP: 10/12
  8030 | D:7      | Noticed Menkaure
  8039 | D:7      | Killed Menkaure
  8350 | D:7      | Identified the +1 robe of Negiug {Rampage rPois Stlth+}
  8353 | D:7      | Found a large runed translucent door.
  8354 | D:7      | Found a large runed translucent door.
  8650 | D:7      | Identified the +3 rapier "Kurof" {antimagic, Will+}
  8814 | D:7      | Reached *** piety under Hepliaklqana
  8872 | D:7      | Found a glowing golden altar of the Shining One.
  8878 | D:7      | Reached skill level 5 in Ice Magic
  8942 | D:7      | Found a blossoming altar of Fedhas.
  9996 | D:8      | Noticed a lindwurm
 10157 | D:8      | Found a white marble altar of Elyvilon.
 10205 | D:8      | Noticed Prince Ribbit
 10214 | D:8      | Killed Prince Ribbit
 10281 | D:8      | Reached XP level 10. HP: 77/77 MP: 8/13
 10780 | D:8      | Noticed a lindwurm
 10784 | D:8      | Noticed a lindwurm
 10939 | D:8      | Noticed a lindwurm
 11485 | D:9      | Noticed a two-headed ogre
 11516 | D:10     | Entered Level 10 of the Dungeon
 11522 | D:10     | Noticed a two-headed ogre
 11533 | D:10     | Killed a two-headed ogre
 12192 | D:9      | Identified the +6 spear "Jugonawa" {antimagic, rF+ rC+ rN+
                  | Int-2}
 12208 | D:9      | Found a staircase to the Lair.
 12232 | D:9      | HP: 4/97 [warg (12)]
 12232 | D:9      | Mangled by a warg

Illustrated notes

Levels and vault maps discovered:
D:1:      amcnicky_arrival_blooded_trapdoor, layout_loops_cross,
          basic_ecumenical_altar
D:2:      layout_loops_ring, uniq_crazy_yiuf_cottage, uniq_natasha
D:3:      layout_loops_ring, guppyfry_early_lair_pool
D:4:      layout_layer_cave, general_overflow_altar, nicolae_gozag_seed_capital,
          minmay_temple_entry_gardened_gates, uniq_robin
D:5:      layout_basic, kennysheep_okawaru_gauntlet,
          mainiacjoe_overflow_alcove_1, serial_rivers,
          chequers_serial_rivers_small_b, chequers_serial_rivers_micro_c,
          chequers_serial_rivers_small_a, chequers_serial_rivers_small_a,
          chequers_serial_rivers_small_b, chequers_serial_rivers_large_a,
          uniq_eustachio
D:6:      layout_loops_ring, abandoned_shop
D:7:      layout_layer_cave, jmf_multi_god_temple2, uniq_menkaure
D:8:      layout_basic, mainiacjoe_overflow_alcove_4, corner_web_ring,
          minmay_lindwurm_lava, uniq_prince_ribbit1
D:9:      layout_rooms, nicolae_uskayaw_suspiria, erik_lair_orcish_takeover
D:10:     layout_basic, eino_jars
Temple:   nicolae_temple_two_arcs

Skill      XL: |  1  2  3  4  5  6  7  8  9 10 |
---------------+-------------------------------+-----
Dodging        | 2 3 4 5 6 |  6.0
Fighting       | 2 3 4 5 7 8 |  8.5
Transmutations | 3 4 5 6 7 |  7.9
Unarmed Combat | 4 5 6 7 8 |  8.3
Ice Magic      | 1 2 3 4 6 7 |  7.2
Spellcasting   | |  2.0

Action                   |  1- 3 |  4- 6 |  7- 9 | 10-12 || total
-------------------------+-------+-------+-------+-------++-------
Melee: Unarmed           |    85 |   193 |   158 |    75 ||   511
       Kick              |    13 |    39 |    35 |       ||    87
       Tailslap          |     8 |    17 |    24 |       ||    49
       Headbutt          |    10 |    22 |    14 |       ||    46
       Punch             |     1 |     3 |     4 |       ||     8
 Cast: Beastly Appendage |    24 |    43 |    26 |     1 ||    94
       Ice Form          |       |       |     4 |     9 ||    13
Invok: Ancestor Life: Ba |       |       |     1 |       ||     1
 Abil: Breathe Acid      |       |       |     8 |     3 ||    11
  Use: Scroll            |       |     7 |       |     3 ||    10
       Potion            |       |       |       |     4 ||     4
 Stab: Sleeping          |     1 |       |     2 |     1 ||     4
       Distracted        |       |       |     2 |     1 ||     3
Armor: Skin              |    30 |    70 |    32 |    22 ||   154
Dodge: Dodged            |    61 |   155 |   145 |    68 ||   429

Table legend: (Time is in decaauts)
 A = Elapsed time spent in this place.
 B = Non-inter-level travel time spent in this place.
 C = Inter-level travel time spent in this place.
 D = Time resting spent in this place.
 E = Time spent auto-exploring this place.
 F = Levels seen in this place.
 G = Mean time per level.
                   A        B        C        D        E       F      G
               +--------+--------+--------+--------+--------+-----+--------+
         Total |  12199 |  11813 |    386 |    327 |   9852 |  11 | 1109.0 |
       Dungeon |  12142 |  11763 |    379 |    327 |   9852 |  10 | 1214.2 |
        Temple |     57 |     50 |      7 |      0 |      0 |   1 |   57.0 |
               +--------+--------+--------+--------+--------+-----+--------+

Top non-repeatable levels by time:
     D:8: 2257 daAuts
     D:4: 1795 daAuts
     D:7: 1611 daAuts
     D:3: 1308 daAuts
     D:5: 1260 daAuts
     D:2: 1214 daAuts
     D:1: 967 daAuts
     D:6: 856 daAuts
    D:10: 627 daAuts
     D:9: 244 daAuts
  Temple: 57 daAuts
